 Dungeon Crawl Stone Soup version 0.31-a0-79-g9ec6622867 (webtiles) character file.

Game seed: 12800680615873517089

559899 Lavandula the Black Sun (level 24, 0/195 HPs)
             Began as a Mummy Conjurer on May 22, 2023.
             Was a High Priest of Kikubaaqudgha.
             Slain by a death knight
             ... wielding a +2 halberd
              (16 damage)
             ... on level 1 of the Crypt on May 24, 2023.
             The game lasted 03:58:02 (64922 turns).

Lavandula the Black Sun (Mummy Conjurer)           Turns: 64922, Time: 03:58:02

Health: 0/195      AC: 15    Str: 13    XL:     24   Next: 73%
Magic:  13/43      EV: 17    Int: 27    God:    Kikubaaqudgha [*****.]
Gold:   4138       SH:  0    Dex: 14    Spells: 1/56 levels left

rFire   + . .        v - +17 lance "Wyrmbane" {slay drac, rPois rF+ rC+ AC+3}
rCold   + + +        (no shield)
rNeg    + + +        c - +1 troll leather armour
rPois   ∞            (no helmet)
rElec   +            S - +1 cloak
rCorr   .            n - +0 pair of fencer's gloves {Riposte Dex+3}
SInv    +            K - +2 pair of boots {Fly}
Will    ++++.        j - amulet of regeneration
Stlth   ++++         E - ring "Zoufria" {rF+ rC+ Will+ Int-4 SInv}
HPRegen 2.12/turn    Q - ring of Fuisuong {rElec Int+6}
MPRegen 0.28/turn

%: faith
@: animating dead, flying, studying 4 skills
A: cold resistance 1, negative energy resistance 3, torment resistance 2, heat
vulnerability 1, in touch with death 2, no potions, faith
}: 4/15 runes: serpentine, barnacled, slimy, silver
a: Renounce Religion, Unearth Wretches, Torment


You were on level 1 of the Crypt.
You worshipped Kikubaaqudgha.
Kikubaaqudgha was extremely pleased with you.
You visited 11 branches of the dungeon, and saw 49 of its levels.
You visited 1 bazaar.
You also visited: Gauntlet, Ice Cave, Volcano and Wizlab.

You collected 7091 gold pieces.
You spent 2953 gold pieces at shops.

Inventory:

Hand Weapons
 v - the +17 lance "Wyrmbane" (weapon) {slay drac, rPois rF+ rC+ AC+3}
   (You found it on level 6 of the Dungeon)

   AC:        It affects your AC (+3).
   rF:        It protects you from fire.
   rC:        It protects you from cold.
   rPois:     It protects you from poison.
 w - a +4 demon trident of protection
Missiles
 x - 24 javelins
 A - 4 throwing nets
Armour
 c - a +1 troll leather armour (worn)
 d - the +0 pair of gloves of the Stone Wall {rElec rCorr Dex+2}
   (You found it on level 1 of the Depths)

   Dex:       It affects your dexterity (+2).
   rElec:     It insulates you from electricity.
   rCorr:     It protects you from acid and corrosion.
 e - a +3 ring mail of poison resistance
 n - the +0 pair of fencer's gloves (worn) {Riposte Dex+3}
   (You acquired it on level 2 of the Orcish Mines)

   Riposte:   It allows the wearer to riposte with melee weapons, swiftly
   retaliating against missed or blocked melee attacks.
   Dex:       It affects your dexterity (+3).
 K - a +2 pair of boots of flying (worn)
 S - a +1 cloak (worn)
 X - the crystal ball of Wucad Mu {*channel}
   (You found it in a wizard's laboratory)

   *Channel:  It often returns the magic spent to cast spells, but lowers their
   success rate.
   It always returns the magic spent on miscasts.
Magical Staves
 H - a staff of fire
Jewellery
 g - the ring of Fedhas's Castigation {Fire rCorr}
   (You found it on level 3 of the Elven Halls)

   [ring of fire]

   It enhances your fire magic.
   rF:        It protects you from fire.
   rC:        It makes you vulnerable to cold.
   rCorr:     It protects you from acid and corrosion.
 h - a ring of magical power
 j - an amulet of regeneration (around neck)
 l - the ring "Ziblesek" {rPois Will+ rCorr Dex+5 Slay-5}
   (You found it on level 3 of the Elven Halls)

   [ring of willpower]

   Dex:       It affects your dexterity (+5).
   Slay:      It affects your accuracy & damage with ranged weapons and melee
   (-5).
   rPois:     It protects you from poison.
   rCorr:     It protects you from acid and corrosion.
   Will:      It increases your willpower.
 p - a ring of protection from cold
 t - the ring "Veschaf" {Ice Str+3}
   (You took it off Josephina on level 2 of the Depths)

   [ring of ice]

   It enhances your ice magic.
   Str:       It affects your strength (+3).
   rF:        It makes you vulnerable to fire.
   rC:        It protects you from cold.
 D - the ring "Boem" {Fire Str+3}
   (You found it on level 4 of the Shoals)

   [ring of fire]

   It enhances your fire magic.
   Str:       It affects your strength (+3).
   rF:        It protects you from fire.
   rC:        It makes you vulnerable to cold.
 E - the ring "Zoufria" (left hand) {rF+ rC+ Will+ Int-4 SInv}
   (You found it in a Gauntlet)

   [ring of see invisible]

   Int:       It affects your intelligence (-4).
   rF:        It protects you from fire.
   rC:        It protects you from cold.
   SInv:      It lets you see invisible.
   Will:      It increases your willpower.
 F - a ring of wizardry
 N - a ring of resist corrosion
 Q - the ring of Fuisuong (right hand) {rElec Int+6}
   (You acquired it on level 5 of the Pits of Slime)

   [ring of intelligence]

   Int:       It affects your intelligence (+6).
   rElec:     It insulates you from electricity.
 U - a ring of willpower
 Y - the amulet "Bysatiuxt" {Reflect Harm Slay+6 SH+5}
   (You found it on level 2 of the Elven Halls)

   [amulet of reflection]

   It reflects blocked missile attacks.
   Slay:      It affects your accuracy & damage with ranged weapons and melee
   (+6).
   SH:        It affects your SH (+5).
   Harm:      It increases damage dealt and taken.
Wands
 k - a wand of charming (47)
 u - a wand of polymorph (35)
 y - a wand of digging (22)
 B - a wand of flame (95)
 C - a wand of roots (48)
 P - a wand of acid (35)
 Z - a wand of mindburst (21)
Scrolls
 a - 8 scrolls of vulnerability
 b - 3 scrolls of magic mapping
 f - 21 scrolls of teleportation
 i - 9 scrolls of enchant weapon
 m - 12 scrolls of fog
 o - 7 scrolls of blinking
 q - 5 scrolls of torment
 r - 14 scrolls of immolation
 s - 2 scrolls of amnesia
 z - 8 scrolls of fear
 L - 3 scrolls of butterflies
 M - 4 scrolls of brand weapon
 T - 3 scrolls of poison
 V - 2 scrolls of silence
Miscellaneous
 G - a lightning rod (4/4)
 I - a phial of floods
 J - a condenser vane
 O - a box of beasts (inert)
 R - a phantom mirror


   Skills:
 - Level 17.4 Fighting
 - Level 12.0 Polearms
 - Level 8.2 Throwing
 - Level 5.8 Armour
 + Level 12.6 Dodging
 - Level 9.8 Stealth
 - Level 16.7 Spellcasting
 - Level 8.8 Conjurations
 - Level 19.3 Hexes
 - Level 22.4 Necromancy
 - Level 3.0 Translocations
 - Level 5.1 Transmutations
 - Level 2.7 Fire Magic
 - Level 5.0 Earth Magic
 - Level 8.0 Evocations


You had one spell level left.
You knew the following spells:

 Your Spells              Type           Power      Damage    Failure   Level
a - Discord               Hex            45%        N/A       6%          8
b - Borgnjor's Vile Clut  Necr/Erth      56%        N/A       1%          5
c - Irradiate             Conj/Tmut      24%        3d19      10%         5
d - Enfeeble              Hex            45%        N/A       1%          7
e - Vampiric Draining     Necr           100%       2d13      0%          3
f - Anguish               Hex/Necr       67%        N/A       0%          4
g - Apportation           Tloc           76%        N/A       1%          1
h - Animate Dead          Necr           100%       N/A       0%          4
i - Death Channel         Necr           72%        N/A       1%          6
j - Dispel Undead         Necr           100%       3d31      0%          4
k - Infestation           Necr           72%        N/A       1%          8

Your spell library contained the following spells:

 Spells                   Type           Power      Damage    Failure   Level
 Kiss of Death            Conj/Necr      100%       2d13      0%          1
 Necrotise                Necr           100%       1d9       0%          1
 Magic Dart               Conj           100%       1d8       1%          1
 Shock                    Conj/Air       100%       1d9       1%          1
 Sting                    Tmut/Pois      100%       1d8       2%          1
 Summon Small Mammal      Summ           88%        N/A       2%          1
 Cause Fear               Hex            45%        N/A       0%          4
 Agony                    Necr           100%       N/A       0%          5
 Cigotuvi's Dreadful Rot  Necr/Pois/Air  100%       N/A       1%          2
 Ensorcelled Hibernation  Hex/Ice        100%       N/A       1%          2
 Searing Ray              Conj           100%       2d8       1%          2
 Dazzling Flash           Conj/Hex       100%       N/A       1%          3
 Summon Guardian Golem    Hex/Summ       59%        N/A       1%          3
 Fulminant Prism          Conj/Hex       36%        3d17      1%          4
 Leda's Liquefaction      Hex/Erth       33%        N/A       1%          4
 Iskenderun's Battlesphe  Conj           63%        2d11      1%          5
 Gell's Gravitas          Tloc           38%        N/A       2%          3
 Teleport Other           Tloc           38%        N/A       2%          3
 Metabolic Englaciation   Hex/Ice        29%        N/A       3%          5
 Silence                  Hex/Air        29%        N/A       3%          5
 Summon Mana Viper        Hex/Summ       59%        N/A       3%          5
 Call Imp                 Summ           44%        N/A       4%          2
 Iskenderun's Mystic Bla  Conj/Tloc      43%        2d10      5%          4
 Volatile Blastmotes      Fire/Tloc      52%        2d14      6%          3
 Flame Wave               Conj/Fire      42%        2d11      6%          4
 Sticky Flame             Conj/Fire      42%        2d6       6%          4
 Call Canine Familiar     Summ           22%        N/A       8%          3
 Mephitic Cloud           Conj/Pois/Air  23%        N/A       8%          3
 Ozocubu's Armour         Ice            22%        N/A       8%          3
 Swiftness                Air            22%        N/A       8%          3
 Petrify                  Tmut/Erth      38%        N/A       8%          4
 Ignite Poison            Fire/Tmut/Pois 21%        N/A       9%          3
 Poisonous Vapours        Pois/Air       22%        N/A       10%         2
 Vhi's Electric Charge    Tloc/Air       38%        N/A       10%         3
 Lee's Rapid Deconstruct  Erth           24%        3d13*     10%         5
 Simulacrum               Ice/Necr       52%        N/A       10%         6
 Airstrike                Air            11%        2d(2-18)  26%         4
 Olgreb's Toxic Radiance  Pois           22%        N/A       26%         4
 Arcjolt                  Conj/Air       17%        1d27      28%         5
 Haunt                    Necr/Summ      52%        N/A       47%         7
 Iron Shot                Conj/Erth      24%        9d5       50%         6
 Summon Lightning Spire   Summ/Air       11%        N/A       52%         4
 Alistair's Intoxication  Tmut/Pois      16%        N/A       52%         5
 Orb of Destruction       Conj           31%        9d10      52%         7
 Freezing Cloud           Conj/Ice/Air   11%        6-21      56%         5
 Starburst                Conj/Fire      21%        6d7       65%         6
 Summon Forest            Summ/Tloc      9%         N/A       67%         5
 Dispersal                Tloc           19%        N/A       75%         6
 Conjure Ball Lightning   Conj/Air       17%        3x3d6     83%         6
 Eringya's Noxious Bog    Tmut/Pois      12%        N/A       97%         6
 Plasma Beam              Fire/Air       9%         2x1d21    99%         6
 Summon Cactus Giant      Summ           11%        N/A       99%         6
 Malign Gateway           Summ/Tloc      9%         N/A       100%        7
 Ozocubu's Refrigeration  Ice            11%        4d9       100%        7
 Spellforged Servitor     Conj/Summ      17%        N/A       100%        7
 Summon Hydra             Summ           11%        N/A       100%        7
 Disjunction              Tloc           19%        N/A       100%        8
 Ignition                 Fire           18%        3d7       100%        8
 Maxwell's Capacitive Co  Air            11%        ∞         100%        8
 Summon Horrible Things   Summ           11%        N/A       100%        8
 Chain Lightning          Conj/Air       17%        3d23      100%        9
 Fire Storm               Conj/Fire      21%        8d5       100%        9
 Shatter                  Erth           24%        3d21*     100%        9
 Sublimation of Blood     Necr           Unusable   N/A       N/A         2
 Wereblood                Tmut           Unusable   N/A       N/A         2
 Spider Form              Tmut/Pois      Unusable   N/A       N/A         3
 Statue Form              Tmut/Erth      Unusable   N/A       N/A         6
 Storm Form               Tmut/Air       Unusable   N/A       N/A         7

Dungeon Overview and Level Annotations

Branches:
Dungeon (15/15)            Temple (1/1) D:7            Lair (5/5) D:9
 Shoals (4/4) Lair:3        Snake (4/4) Lair:3        Slime (5/5) Lair:4
    Orc (2/2) D:9             Elf (3/3) Orc:2        Vaults (5/5) D:13
  Crypt (1/3) Vaults:2     Depths (4/4) D:15            Zot (0/5) Depths:4
  IceCv (visited)         Volcano (visited)          WizLab (visited)
Gauntlet (visited)

Altars:
Ashenzari
Cheibriados
Dithmenos
Fedhas
Gozag
Hepliaklqana
Kikubaaqudgha
Makhleb
Nemelex Xobeh
Okawaru
Qazlal
Ru
Sif Muna
Trog
Uskayaw
Vehumet
Wu Jian
Xom
Yredelemnul
Jiyva

Shops:
D:2 (   D:8 :   Orc:2 *[?[   Elf:1 (   Elf:3 (   Snake:1 =?=[!   Vaults:1 *?!
Depths:2 *   Depths:3 (   Depths:4 (

Portals:
Hell: Depths:1 Depths:2 Depths:3 Depths:4
Abyss: Depths:1 Depths:3 Depths:4
Pandemonium: Depths:2
Ziggurat: Depths:3

Annotations:
D:15 2 transporters, Iskan's ghost, journeyman DsIE
Lair:3 2 runed translucent doors, Essalna's ghost, journeyman TeFE
Shoals:4 1 exclusion
Slime:5 1 exclusion
Orc:1 2 transporters, Zigma's ghost, journeyman DrNe
Elf:2 5 runed translucent doors
Vaults:3 8 runed translucent doors
Depths:4 3 runed translucent doors, Shavain's ghost, veteran DrGl


Innate Abilities, Weirdness & Mutations

You are immune to poison.
Your flesh is cold resistant. (rC+)
You are immune to negative energy. (rN+++)
You are immune to unholy pain and torment.
You are vulnerable to heat. (rF-)
You are strongly in touch with the powers of death.
You do not drink.
You have a special connection with the divine. (Faith)


Message History

The death knight reflects your damage back at you!
The skeletal warrior struggles to escape constriction.
The death knight hits you from afar with a +2 halberd!!
The vampire mage gestures wildly while chanting.
The vampire mage struggles to escape constriction.
The ghoul claws you. The ghoul claws you!
Unknown command.
Unknown command.
Casting: Borgnjor's Vile Clutch (mildly dangerous; 1% risk of failure)
Confirm with . or Enter, or press ? or * to list all spells.
You feel a strong surge of power!
You call upon the dead to rise.
The zombie hands constrict the ghoul.
The zombie hands constrict the vampire mage, but do no damage.
The zombie hands constrict the death knight.
The zombie hands constrict the skeletal warrior!
The death knight reflects your damage back at you!
The skeletal warrior struggles to escape constriction.
The death knight hits you from afar with a +2 halberd!
The vampire mage struggles to escape constriction.
The ghoul closely misses you.
You riposte.
You hit the ghoul.
The ghoul is lightly damaged.
The ghoul claws you!
* * * LOW HITPOINT WARNING * * *
You open the lid... ...and a juvenile batshock beast flies out!
The box is emptied!
The zombie hands constrict the ghoul.
The zombie hands constrict the vampire mage!
The zombie hands constrict the death knight.
The zombie hands constrict the skeletal warrior!
The death knight reflects your damage back at you!
* * * LOW HITPOINT WARNING * * *
A flying skull comes into view.
The ghoul claws you!!
* * * LOW HITPOINT WARNING * * *
The ghoul claws you!
* * * LOW HITPOINT WARNING * * *
The skeletal warrior escapes!
The death knight hits you from afar with a +2 halberd!
You die...
Kikubaaqudgha rasps: "You have failed me!
Welcome... oblivion!" #. ##.## # #... .. #... ... ... ...z #.# ZW...

#######.####zzW.z.
.........H@np.V.VZ
######.####WzV#W.
#.# #.# #.# #
#####.# ##.....#
#......# #'''####
#..^#


You could see a ghoul (infested, clutched, ally target), a death knight
(reflects damage, soul bound, infested, clutched), a skeletal warrior
(infested), a jiangshi (summoned), 2 vampire magi, a shadow wraith (summoned,
invisible), 2 freezing wraiths, a wraith (infested), 3 flying skulls, a wight
(summoned), an elephant zombie, a bullfrog zombie and a friendly juvenile
batshock beast (summoned, wandering).

Vanquished Creatures
  the Royal Jelly (Slime:5)
  An ancient lich (Vaults:5)
  A juggernaut (Depths:3)
  Josephina (Depths:2)
  Sojobo (Depths:2)
  Frederick (Vaults:4)
  Xtahua (Vaults:3)
  A golden dragon (Depths:4)
  The ghost of Zitir the Lord of Darkness, an adept DsNe of Kikubaaqudgha (Vaults:3)
  Rupert (D:12)
  3 titans (Vaults:5)
  A deep elf blademaster (Elf:3)
  A lich (Depths:4)
  2 quicksilver dragons
  Frances (D:12)
  Polyphemus (Shoals:2)
  12 acid blobs (Slime:5)
  A sphinx (Vaults:5)
  4 tengu reavers
  3 shadow dragons
  2 storm dragons (Vaults:5)
  3 fire giants
  2 rockslimes (Slime:5)
  A revenant (Crypt:1)
  3 azure jellies (Slime:5)
  A nagaraja (Snake:2)
  2 balrugs
  2 deep elf sorcerers
  7 vault wardens
  An iron dragon (Depths:1)
  7 frost giants
  5 quicksilver oozes (Slime:5)
  2 draconian stormcallers (Depths:4)
  A demonspawn corrupter (WizLab)
  2 deep elf elementalists
  17 very ugly things
  7 stone giants
  A war gargoyle (Vaults:4)
  2 ironbound thunderhulks
  12 ironbound preservers
  3 deep elf demonologists
  3 dire elephants (Vaults:3)
  A minotaur (Gauntlet)
  2 green draconians (Depths:4)
  6 spark wasps
  A grey draconian (Depths:4)
  2 purple draconians (Depths:4)
  A red draconian (Depths:4)
  A deep elf annihilator (Depths:1)
  5 ettins
  2 deep elf death magi
  7 merfolk javelineers
  An eidolon (Vaults:2)
  4 fire dragons
  7 merfolk impalers
  2 great orbs of eyes
  5 crystal guardians
  7 yaktaur captains
  2 ice dragons (Depths:2)
  Fannar (Lair:1)
  3 vault guards
  An entropy weaver (Vaults:2)
  5 hydras
  2 rakshasas (Depths:1)
  A deep elf high priest (Vaults:5)
  2 peacekeepers
  7 ironbound frosthearts
  A spriggan skeleton (Crypt:1)
  7 anacondas
  A jorogumo (shapeshifter) (Vaults:1)
  4 spriggan air magi
  An ogre mage (Orc:1)
  3 satyrs
  Erica (Lair:1)
  3 merfolk avatars
  10 boulder beetles
  8 dancing weapons
  5 two-headed ogres
  9 centaur warriors
  6 catoblepae
  4 deep troll shamans
  6 tengu warriors
  4 deep troll earth magi (Depths:3)
  A vampire mage (Depths:2)
  3 naga warriors
  6 orc high priests
  24 death yaks
  6 hell knights
  6 spriggan berserkers
  2 naga sharpshooters
  2 spriggans
  9 deep elf knights
  Amaemon (Lair:1)
  Sonja (Orc:2)
  A sixfirhy (Depths:2)
  3 salamander mystics (Snake:4)
  A skyshark (Shoals:2)
  32 deep trolls
  A death drake (shapeshifter) (Vaults:5)
  8 sea snakes
  2 swamp dragons (Depths:4)
  4 phantasmal warriors
  6 deep elf archers
  4 naga ritualists
  4 glowing orange brains
  A bog body (Crypt:1)
  2 spriggan simulacra
  4 harpies
  13 ironbound convokers
  7 wizards
  11 lindwurms
  20 deep elf pyromancers
  19 ugly things
  3 necromancers
  A wolf spider (D:15)
  A glowing shapeshifter (Vaults:5)
  9 cyclopes
  3 fauns
  10 mana vipers
  15 deep elf zephyrmancers
  A fire giant zombie (Depths:1)
  A tengu skeleton (Depths:1)
  2 orc knights
  7 orc sorcerers
  A moth of wrath (Gauntlet)
  10 manticores
  6 guardian serpents
  8 salamanders
  4 merfolk sirens
  28 black mambas
  4 water nymphs
  10 naga magi
  6 elephants
  An ice statue (IceCv)
  14 vault sentinels
  2 smoke demons
  A torpor snail (shapeshifter) (WizLab)
  A gargoyle (D:12)
  An orange demon (Lair:1)
  4 rime drakes
  An unseen horror (D:11)
  9 cane toads
  A minotaur zombie (Gauntlet)
  8 komodo dragons
  13 yaktaurs
  2 ice devils (D:13)
  A kobold demonologist (Depths:4)
  A freezing wraith (Vaults:2)
  2 tengu conjurers
  9 polar bears
  A red devil (Depths:2)
  Grinder (D:6)
  14 merfolk
  A meliai (shapeshifter) (D:14)
  8 trolls
  12 wind drakes
  15 blink frogs
  A harpy skeleton (Crypt:1)
  2 snapping turtles
  6 hornets
  A culicivora (shapeshifter) (Elf:3)
  8 dream sheep
  A vampire (D:9)
  3 centaur simulacra (Gauntlet)
  11 water elementals
  9 air elementals
  15 slime creatures
  3 wraiths
  3 wyverns
  41 yaks
  5 ynoxinuls (Depths:3)
  A fire elemental (Elf:3)
  3 basilisks (Lair:3)
  A golden eye (Slime:5)
  A redback (Vaults:2)
  3 steam dragons (Volcano)
  3 swamp worms (Lair:1)
  21 nagas
  6 vampire mosquitoes
  3 acid dragons
  2 harpy simulacra
  5 wargs
  21 water moccasins
  Duvessa (D:6)
  3 hell hounds (Volcano)
  2 floating eyes (Orc:1)
  A naga skeleton (Crypt:1)
  3 ice beasts
  25 orc warriors
  A hornet zombie (D:7)
  3 black bears
  An ice dragon simulacrum (Gauntlet)
  3 sky beasts
  33 wolves
  7 ogres
  10 boggarts
  21 centaurs
  A phantom (D:7)
  5 kobold brigands
  16 bullfrogs
  3 gnoll sergeants
  A human simulacrum (Depths:2)
  4 earth elementals
  A wyvern zombie (D:7)
  2 scorpions
  15 wights
  Dowan (D:6)
  8 killer bees (D:9)
  4 crimson imps (D:9)
  A centaur zombie (D:7)
  A wyvern simulacrum (Gauntlet)
  5 jellies
  A bullfrog skeleton (Crypt:1)
  5 hounds
  A gnoll bouda (D:5)
  24 orc priests
  A sleepcap (D:7)
  6 iguanas
  Natasha (D:3)
  31 orc wizards
  A killer bee zombie (D:7)
  14 gnolls
  8 adders
  3 shadow imps
  An ufetubus (D:6)
  A worm (D:2)
  4 dart slugs
  72 orcs
  4 endoplasms
  5 giant cockroaches
  6 goblins
  8 hobgoblins
  9 jackals
  6 ball pythons
  6 bats
  3 frilled lizards (D:3)
  17 kobolds
  5 rats
1337 creatures vanquished.

Vanquished Creatures (collateral kills)
  An ancient lich (Vaults:5)
  Mara (Vaults:5)
  Mennas (Vaults:4)
  A juggernaut (Depths:4)
  Parghit (Depths:4)
  Boris (twice) (Vaults:3 Vaults:4)
  Saint Roka (Vaults:4)
  A tentacled monstrosity (Vaults:5)
  A hellephant (Vaults:3)
  A deep elf blademaster (Elf:3)
  Asterion (Snake:4)
  2 liches
  2 deep elf master archers (Elf:3)
  The ghost of Jeukyot the Warrior, an adept MiMo of Lugonu (Snake:1)
  15 acid blobs
  A titan (Vaults:5)
  3 storm dragons
  5 tengu reavers
  6 shadow dragons
  6 rockslimes
  9 azure jellies
  2 nagarajas
  A balrug (Depths:4)
  3 frost giants
  4 deep elf sorcerers
  4 deep elf elementalists (Elf:3)
  5 vault wardens
  9 ironbound preservers
  Aizul (Vaults:4)
  4 stone giants
  10 quicksilver oozes
  2 spriggan defenders
  15 very ugly things
  2 ironbound thunderhulks
  2 vampire knights
  5 deep elf annihilators
  A grey draconian (Depths:4)
  5 deep elf demonologists (Elf:3)
  4 dire elephants (Vaults:3)
  7 spark wasps
  An orange crystal statue (WizLab)
  5 formless jellyfish
  2 blizzard demons (Depths:3)
  2 crystal guardians (Vaults:4)
  6 deep elf death magi
  9 merfolk impalers
  3 merfolk javelineers (Shoals:4)
  6 ettins
  4 fire dragons
  A deep elf high priest (Elf:3)
  3 yaktaur captains (Vaults:4)
  27 vault guards
  3 spriggan air magi
  2 rakshasas
  6 great orbs of eyes
  3 peacekeepers (Vaults:4)
  An alligator snapping turtle (Shoals:4)
  6 ice dragons
  A catoblepas (D:14)
  A merfolk avatar (Shoals:2)
  2 salamander tyrants (Snake:4)
  8 anacondas
  3 ogre magi
  7 ironbound frosthearts
  2 satyrs (Shoals:3)
  4 two-headed ogres
  2 merfolk aquamancers (Shoals:4)
  7 centaur warriors
  4 deep troll shamans
  7 dancing weapons
  9 naga warriors
  A boulder beetle (Vaults:3)
  2 tengu warriors
  An orc high priest (Orc:2)
  2 shock serpents
  3 spriggan berserkers
  2 deep troll earth magi
  2 naga sharpshooters
  11 hell knights
  8 deep elf knights
  A soul eater (Depths:4)
  A sun demon (Depths:4)
  4 salamander mystics
  A spriggan rider (Depths:3)
  3 skysharks
  6 iron trolls
  44 deep trolls
  2 glowing orange brains
  6 sea snakes
  A lindwurm (shapeshifter) (Elf:3)
  2 flayed ghosts
  A golden dragon skeleton (Depths:1)
  3 phantasmal warriors
  A swamp dragon (Depths:4)
  7 deep elf archers
  2 naga ritualists
  3 ironbound convokers
  9 mana vipers
  An orc knight (Vaults:5)
  2 wizards
  9 deep elf pyromancers
  4 lindwurms
  16 deep elf zephyrmancers
  An orc sorcerer (Vaults:5)
  3 harpies
  A necromancer (Vaults:1)
  4 shining eyes
  A frost giant zombie (Depths:1)
  19 fauns
  13 ugly things
  9 salamanders
  4 cyclopes (Shoals:3)
  A manticore (Shoals:2)
  A manticore (shapeshifter) (Vaults:5)
  3 merfolk sirens
  8 naga magi
  8 vault sentinels
  26 black mambas
  2 water nymphs
  3 guardian serpents
  A smoke demon (Depths:4)
  2 eyes of devastation
  10 yaktaurs
  2 freezing wraiths (Vaults:5)
  An unseen horror (D:12)
  2 tengu conjurers
  A golden dragon simulacrum (Depths:2)
  2 polar bears (IceCv)
  A queen bee (shapeshifter) (D:15)
  22 merfolk
  A hellwing (Depths:2)
  A hornet (Depths:3)
  2 snapping turtles (Shoals:4)
  A dream sheep (shapeshifter) (Vaults:5)
  A spriggan zombie (Depths:1)
  3 dream sheep
  A spriggan (Depths:3)
  A shadow (D:12)
  2 air elementals
  11 water elementals
  60 slime creatures
  A vampire (D:12)
  2 fire elementals (Elf:2)
  A yak (IceCv)
  6 golden eyes
  3 wyverns (Depths:4)
  A warg (Elf:2)
  A deep troll zombie (Vaults:2)
  31 nagas
  3 human zombies
  6 orc warriors
  An ettin simulacrum (Depths:2)
  An ogre (Vaults:5)
  4 boggarts
  A centaur (Shoals:3)
  3 earth elementals (Elf:2)
  A scorpion (Orc:1)
  An electric eel (Snake:3)
  2 orc priests (Orc:2)
  An iguana (Orc:1)
  4 orc wizards (Orc:2)
  4 orcs
769 creatures vanquished.

Vanquished Creatures (others)
  A caustic shrike (Depths:3)
  A titan (Depths:4)
  A kraken (Shoals:2)
  A sphinx (Vaults:4)
  An acid blob (Slime:5)
  Gastronok (Lair:1)
  A storm dragon (Depths:3)
  3 tengu reavers
  3 rockslimes (Slime:5)
  A nagaraja (Snake:4)
  A demonspawn warmonger (WizLab)
  2 iron dragons
  8 azure jellies
  4 fire giants
  5 frost giants
  4 deep elf sorcerers
  7 vault wardens
  A deep elf elementalist (Elf:3)
  7 ironbound preservers
  An ironbound thunderhulk (Vaults:2)
  10 stone giants
  2 demonspawn black suns (WizLab)
  4 quicksilver oozes (Slime:5)
  A deep elf demonologist (Vaults:3)
  2 dire elephants
  A red draconian (Depths:4)
  8 ettins
  2 formless jellyfish (Vaults:1)
  2 blizzard demons (Depths:3)
  3 fire dragons
  2 merfolk impalers
  4 yaktaur captains
  A deep elf high priest (Elf:3)
  A vault guard (Vaults:5)
  4 great orbs of eyes
  A kraken zombie (Shoals:2)
  6 ice dragons
  2 spriggan air magi
  4 centaur warriors
  An alligator snapping turtle (Shoals:3)
  A dancing weapon (Elf:1)
  3 ironbound frosthearts
  4 anacondas
  A tengu warrior (Depths:3)
  3 deep troll shamans
  A naga warrior (Snake:4)
  A satyr (Shoals:4)
  A titan zombie (Vaults:5)
  3 deep troll earth magi
  Urug (Lair:2)
  5 deep elf knights
  2 shock serpents (Snake:4)
  2 hell knights
  2 naga sharpshooters
  A storm dragon zombie (Vaults:5)
  A skyshark (Shoals:4)
  A spark wasp zombie (Depths:1)
  3 anaconda zombies (Snake:4)
  2 sea snakes (Shoals:1)
  3 shadow dragon zombies
  A deep troll (Vaults:3)
  2 ironbound convokers
  2 deep elf zephyrmancers
  3 lindwurms
  A naga ritualist (Snake:1)
  5 deep elf archers
  A necromancer (Vaults:4)
  5 deep elf pyromancers
  A wolf spider zombie (D:15)
  4 manticores
  2 stone giant zombies
  A steelbarb worm (shapeshifter) (Vaults:3)
  A frost giant zombie (Depths:3)
  7 ugly thing zombies
  An orc sorcerer (WizLab)
  A salamander (Snake:4)
  2 moths of wrath (shapeshifter)
  4 fauns
  3 demonspawn zombies (WizLab)
  3 elephants (shapeshifter)
  10 naga zombies
  3 vault sentinels
  3 merfolk sirens
  A guardian serpent (Snake:4)
  3 naga magi (Snake:4)
  5 black mambas
  A formless jellyfish zombie (Vaults:1)
  A water nymph (Shoals:1)
  2 iron troll zombies (Depths:4)
  12 spriggan zombies
  6 sea snake zombies
  A yaktaur (Vaults:5)
  A redback zombie (Vaults:2)
  2 mana viper zombies (Snake:4)
  8 merfolk
  A wind drake (Shoals:2)
  2 guardian serpent zombies
  A moth of wrath zombie (Vaults:1)
  A blink frog (Lair:5)
  7 ettin zombies
  A satyr zombie (Shoals:3)
  A dream sheep (shapeshifter) (Depths:4)
  4 snapping turtles
  3 fire dragon zombies
  15 slime creatures
  A great orb of eyes zombie (Vaults:2)
  18 black mamba zombies
  A yak (D:10)
  A spriggan simulacrum (Depths:2)
  27 elf zombies
  5 faun zombies (Shoals:3)
  23 merfolk zombies
  5 nagas
  2 skyshark zombies (Shoals:4)
  18 deep troll zombies
  2 orc warriors
  An ice beast (IceCv)
  37 human zombies
  2 hornet zombies
  A lindwurm zombie (Vaults:3)
  3 snapping turtle zombies (Shoals:4)
  A dream sheep zombie (Vaults:5)
  A boggart (Vaults:4)
  An elephant zombie (Vaults:3)
  3 manticore zombies
  A torpor snail zombie (WizLab)
  9 yaktaur zombies
  2 salamander zombies
  2 cyclops zombies
  5 tengu zombies
  3 warg zombies
  2 wolf zombies (IceCv)
  6 centaur zombies
  3 boggart zombies (Vaults:2)
  5 ogre zombies
  15 orc zombies
  71 fulminant prisms
  22 tentacles (Shoals:2)
600 creatures vanquished.

Grand Total: 2706 creatures vanquished

Notes
Turn   | Place    | Note
-------+----------+-------------------------------------------
     0 | D:1      | Lavandula the Mummy Conjurer began the quest for the Orb.
     0 | D:1      | Reached XP level 1. HP: 13/13 MP: 4/4
   554 | D:1      | Reached XP level 2. HP: 19/19 MP: 6/6
   557 | D:1      | Learned a level 2 spell: Searing Ray
  1082 | D:1      | Found a faded altar of an unknown god.
  1385 | D:2      | Found Joiplur's Weapon Emporium.
  1403 | D:2      | Gained mutation: You are in touch with the powers of death.
                  | [Mummy growth]
  1403 | D:2      | Reached XP level 3. HP: 24/24 MP: 7/7
  1932 | D:3      | Noticed Natasha
  2248 | D:3      | Reached XP level 4. HP: 30/30 MP: 8/8
  2255 | D:3      | Reached skill level 5 in Conjurations
  2259 | D:3      | Learned a level 3 spell: Dazzling Flash
  2445 | D:3      | Reached XP level 5. HP: 35/35 MP: 9/9
  2723 | D:3      | Killed Natasha
  2762 | D:3      | Found a snail-covered altar of Cheibriados.
  2828 | D:3      | Found an ancient bone altar of Kikubaaqudgha.
  3156 | D:4      | Learned a level 4 spell: Fulminant Prism
  3188 | D:4      | Found a radiant altar of Vehumet.
  3820 | D:4      | Found a blossoming altar of Fedhas.
  3966 | D:4      | Noticed a black bear
  3977 | D:4      | Killed a black bear
  3978 | D:4      | Reached XP level 6. HP: 41/41 MP: 10/10
  4133 | D:5      | Entered Level 5 of the Dungeon
  4209 | D:5      | Found a shadowy altar of Dithmenos.
  4673 | D:5      | Identified the staff of poison "Lozxirro" {rPois Int+2}
  4720 | D:5      | Reached XP level 7. HP: 46/46 MP: 11/11
  4834 | D:5      | Found a sacrificial altar of Ru.
  5613 | D:6      | Reached skill level 1 in Hexes
  5613 | D:6      | Reached XP level 8. HP: 46/52 MP: 15/15
  5770 | D:6      | Reached skill level 1 in Evocations
  6492 | D:6      | Noticed Duvessa
  6493 | D:6      | Noticed Dowan
  6498 | D:6      | Killed Duvessa
  6503 | D:6      | Killed Dowan
  6623 | D:6      | Noticed Grinder
  6630 | D:6      | Killed Grinder
  6845 | D:6      | Noticed Maggie
  6850 | D:6      | Maggie changed into Maggie the ice beast
  6850 | D:6      | Noticed Maggie
  6860 | D:6      | Killed Maggie the ice beast
  6861 | D:6      | Reached skill level 1 in Armour
  7030 | D:7      | Reached XP level 9. HP: 55/58 MP: 15/16
  7122 | D:7      | Reached skill level 1 in Fighting
  7357 | D:7      | Found a staircase to the Ecumenical Temple.
  7391 | Temple   | Entered the Ecumenical Temple
  7768 | D:3      | Became a worshipper of Kikubaaqudgha
  7935 | D:7      | Found a bloodstained altar of Trog.
  8009 | D:7      | Reached skill level 1 in Polearms
  8436 | D:7      | Noticed a troll
  8446 | D:7      | Killed a troll
  8447 | D:7      | Reached skill level 5 in Polearms
  8448 | D:7      | Reached * piety under Kikubaaqudgha
  8448 | D:7      | Received a gift from Kikubaaqudgha
  8460 | D:7      | Learned a level 3 spell: Vampiric Draining
  8561 | D:7      | Found a burning altar of Makhleb.
  8750 | D:8      | Found Daeka's Book Boutique.
  8754 | D:8      | Reached XP level 10. HP: 64/67 MP: 17/17
  9106 | D:8      | Reached ** piety under Kikubaaqudgha
  9350 | D:9      | Noticed a two-headed ogre
  9365 | D:9      | Killed a two-headed ogre
  9839 | D:9      | Found a staircase to the Orcish Mines.
 10108 | D:9      | Reached *** piety under Kikubaaqudgha
 10108 | D:9      | Received a gift from Kikubaaqudgha
 10187 | D:9      | Found a staircase to the Lair.
 10315 | D:9      | Found a shimmering altar of Xom.
 10368 | D:9      | You fall into a shaft and drop 3 floors!
 10381 | D:12     | Noticed a guardian serpent
 10405 | D:12     | Killed a guardian serpent
 10485 | D:12     | Learned a level 4 spell: Anguish
 10586 | D:12     | Reached skill level 1 in Necromancy
 10588 | D:12     | Noticed a boulder beetle
 10616 | D:12     | Killed a boulder beetle
 10617 | D:12     | Reached skill level 2 in Necromancy
 10821 | D:12     | Noticed a manticore
 10831 | D:12     | Killed a manticore
 10832 | D:12     | Reached skill level 3 in Necromancy
 10832 | D:12     | Reached XP level 11. HP: 22/74 MP: 18/18
 10946 | D:12     | Reached skill level 4 in Necromancy
 11015 | D:11     | Reached skill level 5 in Spellcasting
 11212 | D:10     | Entered Level 10 of the Dungeon
 11237 | D:10     | Learned a level 4 spell: Dispel Undead
 11331 | D:10     | Reached skill level 5 in Necromancy
 11541 | D:10     | Noticed a two-headed ogre
 11553 | D:10     | Killed a two-headed ogre
 11602 | D:10     | Reached skill level 6 in Necromancy
 11608 | D:10     | Reached **** piety under Kikubaaqudgha
 11830 | D:10     | Reached skill level 7 in Necromancy
 12061 | D:10     | Found a stormy altar of Qazlal.
 12220 | D:11     | Found a stormy altar of Qazlal.
 12525 | D:11     | Noticed a two-headed ogre
 12658 | Lair:1   | Entered Level 1 of the Lair of Beasts
 12697 | Lair:1   | Reached skill level 8 in Necromancy
 12892 | Lair:1   | Noticed Erica
 12904 | Lair:1   | Killed Erica
 12905 | Lair:1   | Reached skill level 9 in Necromancy
 12910 | Lair:1   | Noticed Amaemon
 12943 | Lair:1   | Killed Amaemon
 13142 | Lair:1   | Reached skill level 10 in Necromancy
 13157 | Lair:1   | Noticed Gastronok
 13158 | Lair:1   | Reached XP level 12. HP: 71/80 MP: 21/21
 13187 | Lair:1   | Killed Gastronok
 13197 | Lair:1   | Learned a level 5 spell: Borgnjor's Vile Clutch
 13224 | Lair:1   | Reached ***** piety under Kikubaaqudgha
 13225 | Lair:1   | Reached skill level 1 in Earth Magic
 13468 | Lair:1   | Noticed Fannar
 13497 | Lair:1   | Killed Fannar
 13634 | Lair:1   | Reached skill level 5 in Earth Magic
 14054 | Lair:2   | Noticed a death yak
 14054 | Lair:2   | Noticed a death yak
 14054 | Lair:2   | Noticed a death yak
 14054 | Lair:2   | Noticed a death yak
 14056 | Lair:2   | Noticed a death yak
 14075 | Lair:2   | Found a dark tunnel.
 14083 | Volcano  | Entered a volcano
 14324 | Volcano  | Noticed a fire dragon
 14336 | Volcano  | Killed a fire dragon
 14505 | Volcano  | Reached skill level 5 in Fighting
 14521 | Lair:2   | Killed a death yak
 14523 | Lair:2   | Noticed a boulder beetle
 14655 | Lair:1   | Killed a death yak
 14891 | Lair:2   | Killed a boulder beetle
 14999 | Lair:2   | Noticed Urug
 15015 | Lair:2   | Killed Urug
 15016 | Lair:2   | Gained mutation: You are strongly in touch with the powers
                  | of death. [Mummy growth]
 15016 | Lair:2   | Reached XP level 13. HP: 27/92 MP: 4/24
 15477 | Lair:2   | Reached skill level 5 in Dodging
 16056 | Lair:3   | Found a shimmering altar of Xom.
 16147 | Lair:3   | Found a large runed translucent door.
 16147 | Lair:3   | Found a large runed translucent door.
 16148 | Lair:3   | Noticed Essalna's ghost (journeyman TeFE)
 16173 | Lair:3   | Found a staircase to the Shoals.
 16869 | Lair:3   | Found a staircase to the Snake Pit.
 17101 | Lair:4   | Found a viscous altar of Jiyva.
 17102 | Lair:4   | Found a staircase to the Slime Pits.
 17567 | Lair:4   | Reached skill level 11 in Necromancy
 17699 | Lair:4   | Identified the +0 robe of a Gauntlet {rElec Dex-4 Slay+3}
 18190 | Lair:5   | Entered Level 5 of the Lair of Beasts
 18229 | Lair:5   | Reached skill level 12 in Necromancy
 18285 | Slime:1  | Entered Level 1 of the Pits of Slime
 18285 | Slime:1  | Noticed an acid blob
 18285 | Slime:1  | Noticed a formless jellyfish
 18285 | Slime:1  | Noticed a formless jellyfish
 18285 | Slime:1  | Noticed a formless jellyfish
 18368 | Lair:4   | Reached ****** piety under Kikubaaqudgha
 18370 | Lair:4   | Received a gift from Kikubaaqudgha
 18452 | Lair:5   | Learned a level 4 spell: Animate Dead
 18486 | Lair:5   | Reached XP level 14. HP: 42/98 MP: 8/26
 18548 | Lair:5   | Found a gate leading to a gauntlet.
 18568 | Gauntlet | Entered a Gauntlet
 18568 | Gauntlet | Found a transporter.
 18572 | Gauntlet | Found a transporter.
 18575 | Gauntlet | Found a transporter.
 18580 | Gauntlet | Found a transporter.
 18584 | Gauntlet | Found a transporter.
 18587 | Gauntlet | Found a transporter.
 18592 | Gauntlet | Found a transporter.
 18595 | Gauntlet | Found a transporter.
 18599 | Gauntlet | Found a transporter.
 18604 | Gauntlet | Found a transporter.
 18607 | Gauntlet | Found a transporter.
 18611 | Gauntlet | Found a transporter.
 18616 | Gauntlet | Found a transporter.
 18622 | Gauntlet | Found a transporter.
 18883 | Gauntlet | Identified the ring "Zoufria" {rF+ rC+ Will+ Int-4 SInv}
 18896 | Gauntlet | Reached skill level 13 in Necromancy
 18976 | Gauntlet | Reached skill level 10 in Polearms
 18977 | Gauntlet | Found the +8 autumn katana {manifold assault}
 19003 | Gauntlet | Identified the +1 battleaxe of Wanlul {drain, rF+ Will-
                  | Str+5}
 20751 | Orc:1    | Entered Level 1 of the Orcish Mines
 20751 | Orc:1    | Noticed Zigma's ghost (journeyman DrNe)
 20751 | Orc:1    | Found a transporter.
 20992 | Orc:1    | Found a bloodstained altar of Trog.
 21446 | Orc:1    | Found a transporter.
 21947 | Orc:2    | Entered Level 2 of the Orcish Mines
 22223 | Orc:2    | Noticed Sonja
 22227 | Orc:2    | Found a staircase to the Elven Halls.
 22230 | Orc:2    | Killed Sonja
 22231 | Orc:2    | Reached skill level 10 in Spellcasting
 22582 | Orc:2    | Learned a level 6 spell: Death Channel
 22923 | Orc:2    | Found Cokehaur's Antique Armour Boutique.
 22940 | Orc:2    | Found Otoerchoy's Armour Shop.
 22941 | Orc:2    | Found Tyaroed's General Store.
 22945 | Orc:2    | Found Orchonain's Magic Scroll Boutique.
 22948 | Orc:2    | Bought a pair of embroidered gloves for 195 gold pieces
 22960 | Orc:2    | Bought a scroll of acquirement for 884 gold pieces
 22960 | Orc:2    | Bought a scroll of fear for 68 gold pieces
 22960 | Orc:2    | Bought a scroll of fog for 68 gold pieces
 22962 | Orc:2    | Bought a +0 pair of boots of flying for 161 gold pieces
 22969 | Orc:2    | Acquired the +0 pair of fencer's gloves {Riposte Dex+3}
 22969 | Orc:2    | Found the +0 pair of fencer's gloves {Riposte Dex+3}
 23625 | D:12     | Reached XP level 15. HP: 100/106 MP: 21/30
 23716 | D:12     | Noticed Frances
 23732 | D:12     | Killed Frances
 24104 | D:12     | Noticed Rupert
 24115 | D:12     | Killed Rupert
 24202 | D:12     | Identified the staff of cold "Plog" {+Blink rC+ Str+2 Int+6
                  | Stlth-}
 24325 | D:13     | Found a broken altar of Ashenzari.
 24627 | D:13     | Found a gate to the Vaults.
 24753 | D:13     | Found a frozen archway.
 24769 | IceCv    | Entered an ice cave
 25476 | IceCv    | Reached skill level 5 in Stealth
 25561 | IceCv    | Noticed a frost giant
 25577 | IceCv    | Killed a frost giant
 26106 | D:14     | Upgraded the game from 0.31-a0-60-g62046a28e0 to
                  | 0.31-a0-73-g838c19eb66
 26881 | D:15     | Entered Level 15 of the Dungeon
 27025 | D:15     | Found a transporter.
 27610 | D:15     | Found a transporter.
 27615 | D:15     | Noticed Iskan's ghost (journeyman DsIE)
 27936 | D:15     | Found a staircase to the Depths.
 28000 | D:15     | Reached XP level 16. HP: 105/120 MP: 25/31
 28002 | D:15     | Learned a level 1 spell: Apportation
 28970 | Shoals:1 | Entered Level 1 of the Shoals
 28978 | Shoals:1 | Reached skill level 1 in Translocations
 29255 | Shoals:1 | Reached skill level 14 in Necromancy
 30355 | Shoals:2 | Reached skill level 15 in Necromancy
 30437 | Shoals:2 | Noticed Polyphemus
 30471 | Shoals:2 | Killed Polyphemus
 31398 | Shoals:3 | Reached skill level 16 in Necromancy
 31708 | Shoals:3 | Reached skill level 17 in Necromancy
 32338 | Shoals:4 | Entered Level 4 of the Shoals
 32391 | Shoals:4 | Paralysed by an air elemental for 1 turns
 32429 | Shoals:4 | Reached XP level 17. HP: 41/126 MP: 7/32
 32671 | Shoals:4 | Reached skill level 18 in Necromancy
 32836 | Shoals:4 | Identified the ring "Boem" {Fire Str+3}
 32838 | Shoals:4 | Identified the +5 hand crossbow of Yrphafeax {drain, rC-
                  | MP-9 Int+7}
 32987 | Shoals:4 | Paralysed by an air elemental for 1 turns
 32992 | Shoals:4 | Paralysed by an air elemental for 1 turns
 32999 | Shoals:4 | Paralysed by an air elemental for 1 turns
 33355 | Shoals:4 | Upgraded the game from 0.31-a0-73-g838c19eb66 to
                  | 0.31-a0-79-g9ec6622867
 33533 | Shoals:4 | Paralysed by an air elemental for 1 turns
 33539 | Shoals:4 | Paralysed by an air elemental for 1 turns
 33744 | Shoals:4 | Paralysed by an air elemental for 1 turns
 33749 | Shoals:4 | Paralysed by an air elemental for 1 turns
 34035 | Shoals:4 | Identified the +1 pair of gloves of the Iron City of Dis
                  | {rPois Int+4 Slay+3}
 34066 | Shoals:4 | Paralysed by an air elemental for 1 turns
 34287 | Shoals:4 | Got a barnacled rune of Zot
 34454 | Snake:1  | Entered Level 1 of the Snake Pit
 34509 | Snake:1  | Noticed Jeukyot's ghost (adept MiMo)
 34510 | Snake:1  | Found a transporter.
 34927 | Snake:1  | Found Illudoy Cuel's Jewellery Shoppe.
 34945 | Snake:1  | Learned a level 8 spell: Infestation
 34985 | Snake:1  | Found a transporter.
 35186 | Snake:1  | Found Acimamib's Jewellery Boutique.
 35356 | Snake:1  | Found Oluext's Antique Armour Boutique.
 35367 | Snake:1  | Bought an embroidered cloak for 240 gold pieces
 35403 | Snake:1  | Reached skill level 19 in Necromancy
 35550 | Snake:1  | Found Kitocao's Distillery.
 35696 | Snake:1  | Found Giuwizy's Magic Scroll Emporium.
 35699 | Snake:1  | Bought a scroll of blinking for 120 gold pieces
 35699 | Snake:1  | Bought a scroll of fear for 64 gold pieces
 35699 | Snake:1  | Bought a scroll of magic mapping for 120 gold pieces
 36063 | Snake:1  | Killed Jeukyot's ghost
 36760 | Snake:3  | Reached XP level 18. HP: 112/133 MP: 6/35
 36922 | Snake:3  | Reached skill level 20 in Necromancy
 37554 | Snake:3  | Identified the +1 pair of gloves of Xekk {Harm}
 37819 | Snake:4  | Entered Level 4 of the Snake Pit
 38032 | Snake:4  | Noticed Asterion
 38043 | Snake:4  | Killed Asterion
 38363 | Snake:4  | Reached skill level 21 in Necromancy
 39123 | Snake:4  | Reached skill level 5 in Evocations
 39137 | Snake:4  | Got a serpentine rune of Zot
 39572 | Vaults:1 | Entered Level 1 of the Vaults
 39601 | Vaults:1 | Found a flickering gateway to a bazaar.
 39607 | Bazaar   | Entered a bazaar
 39671 | Bazaar   | Found Weniosuo's Antique Armour Emporium.
 39671 | Bazaar   | Found Paikuzxu's Distillery.
 39676 | Bazaar   | Bought a glowing orb for 444 gold pieces
 39698 | Bazaar   | Found Wiczenag's Book Shoppe.
 39714 | Bazaar   | Found Imnoydy's Antique Weapon Emporium.
 39714 | Bazaar   | Found Ropras's Jewellery Shoppe.
 39736 | Bazaar   | Found Kegonec's Armour Emporium.
 39736 | Bazaar   | Found Ypni's Assorted Antiques.
 39811 | Bazaar   | Bought a book of Alchemy for 252 gold pieces
 39837 | Bazaar   | Bought a scroll of blinking for 337 gold pieces
 39896 | Vaults:1 | Found Kimygia's Magic Scroll Shoppe.
 39970 | Vaults:1 | Found Fohuuphu's Distillery.
 40392 | Vaults:1 | Found Qaigepty's Assorted Antiques.
 40445 | Vaults:1 | Reached XP level 19. HP: 110/138 MP: 27/36
 40878 | Vaults:1 | Identified the +1 leather armour of Aliahula {Rampage rC+
                  | rN++}
 41394 | Vaults:1 | Identified the +6 spear of Fury {protect, rN++ Int+7 Dex-4}
 41747 | Vaults:2 | Reached skill level 5 in Armour
 41761 | Vaults:2 | Found a magical portal.
 41852 | WizLab   | Entered Wucad Mu's Monastery
 42066 | WizLab   | Found the crystal ball of Wucad Mu {*channel}
 42446 | Vaults:2 | Identified the +6 flail "Ibow Jeg" {freeze, Fly Str+6
                  | Int-2}
 42638 | Vaults:2 | Found a staircase to the Crypt.
 42654 | Vaults:2 | Reached skill level 10 in Fighting
 42987 | Vaults:2 | Identified the +3 ring mail of Wauchuw {Str+5}
 43659 | Vaults:3 | Paralysed by a great orb of eyes for 3 turns
 44355 | Vaults:3 | Noticed Xtahua
 44364 | Vaults:3 | Killed Xtahua
 44518 | Vaults:3 | Reached skill level 15 in Fighting
 44522 | Vaults:3 | Noticed Boris
 44660 | Vaults:3 | Found a large runed translucent door.
 44663 | Vaults:3 | Found a large runed translucent door.
 44664 | Vaults:3 | Found a large runed translucent door.
 44664 | Vaults:3 | Found a large runed translucent door.
 44664 | Vaults:3 | Found a large runed translucent door.
 44664 | Vaults:3 | Found a large runed translucent door.
 44664 | Vaults:3 | Noticed Zitir's ghost (adept DsNe)
 44665 | Vaults:3 | Found a large runed translucent door.
 44665 | Vaults:3 | Found a large runed translucent door.
 44840 | Vaults:3 | Found a huge runed gate.
 44840 | Vaults:3 | Found a huge runed gate.
 44840 | Vaults:3 | Found a huge runed gate.
 44840 | Vaults:3 | Found a huge runed gate.
 44840 | Vaults:3 | Found a huge runed gate.
 44841 | Vaults:3 | Found a huge runed gate.
 44841 | Vaults:3 | Found a huge runed gate.
 44841 | Vaults:3 | Found a huge runed gate.
 44841 | Vaults:3 | Found a huge runed gate.
 44841 | Vaults:3 | Found a huge runed gate.
 44842 | Vaults:3 | Found a huge runed gate.
 44842 | Vaults:3 | Found a huge runed gate.
 44843 | Vaults:3 | Found a huge runed gate.
 44848 | Vaults:3 | Noticed a hellephant
 45073 | Vaults:3 | Killed Boris
 45510 | Vaults:3 | Reached XP level 20. HP: 164/164 MP: 1/38
 45849 | Vaults:3 | Reached skill level 5 in Hexes
 46179 | Vaults:3 | Identified the staff of poison "Onwan" {Drain Fly rPois
                  | Dex+3}
 46180 | Vaults:3 | Identified the +1 glaive of Equivalence {vamp, rElec Will+
                  | Int+3}
 46206 | Vaults:3 | Learned a level 7 spell: Enfeeble
 46414 | Vaults:3 | Killed Zitir's ghost
 46587 | Vaults:4 | Noticed Boris
 46630 | Vaults:4 | Killed Boris
 46971 | Vaults:4 | Noticed Aizul
 46971 | Vaults:4 | Noticed Frederick
 46985 | Vaults:4 | Killed Frederick
 46987 | Vaults:4 | Killed Aizul
 47231 | Vaults:4 | Your ally Aizul died
 47424 | Vaults:4 | Noticed Saint Roka
 47442 | Vaults:4 | Killed Saint Roka
 47747 | Vaults:4 | Reached skill level 10 in Hexes
 48670 | Vaults:4 | Noticed Mennas
 48701 | Vaults:4 | Killed Mennas
 49648 | Elf:1    | Entered Level 1 of the Elven Halls
 49694 | Elf:1    | Reached XP level 21. HP: 170/170 MP: 15/39
 50343 | Elf:1    | Acquired 681 gold pieces
 50535 | Elf:1    | Found Leicipn's Weapon Emporium.
 50696 | Elf:1    | Reached skill level 15 in Spellcasting
 51481 | Elf:2    | Reached skill level 1 in Throwing
 51700 | Elf:2    | Identified the amulet "Bysatiuxt" {Reflect Harm Slay+6
                  | SH+5}
 52196 | Elf:2    | Found a huge runed translucent gate.
 52196 | Elf:2    | Found a huge runed translucent gate.
 52196 | Elf:2    | Found a huge runed translucent gate.
 52218 | Elf:2    | Found a huge runed translucent gate.
 52219 | Elf:2    | Found a huge runed translucent gate.
 52587 | Elf:3    | Entered Level 3 of the Elven Halls
 52668 | Elf:3    | Found Getomioq's Weapon Shoppe.
 53171 | Elf:3    | Identified the +1 broad axe "Dupriex" {flame, Str+3 Dex+3}
 53374 | Elf:3    | Found the +4 robe of Folly {Brill Will-∞ Int+8}
 53400 | Elf:3    | Identified the amulet "Ujolaod" {Acrobat *Corrode rF+ rN+
                  | Int+6 SInv}
 53460 | Elf:3    | Identified the ring of Fedhas's Castigation {Fire rCorr}
 53467 | Elf:3    | Identified the staff of poison "Ceffig" {rPois rF+ Str+6
                  | Int-2}
 53523 | Elf:3    | Identified the staff of fire "Taivvac" {rF+ rCorr}
 53541 | Elf:3    | Identified the ring "Ziblesek" {rPois Will+ rCorr Dex+5
                  | Slay-5}
 53574 | Elf:3    | Identified the +2 leather armour of Ragaomeo {Int+2}
 53577 | Elf:3    | Identified the +0 robe of Jowaat {Str+4}
 53588 | Elf:3    | Identified the +7 morningstar of a Billion Leylines {drain,
                  | Int-2 Dex+2 Stlth+}
 53598 | Elf:3    | Paralysed by an air elemental for 1 turns
 53634 | Elf:3    | Got the Notes on Beckoning and the Assassin
 53715 | Elf:3    | Learned a level 8 spell: Discord
 54108 | Depths:1 | Entered Level 1 of the Depths
 54228 | Depths:1 | Reached skill level 15 in Hexes
 54264 | Depths:1 | Reached XP level 22. HP: 177/177 MP: 12/42
 54587 | Depths:1 | Found a one-way gate to the infinite horrors of the Abyss.
 54780 | Depths:1 | Found a shimmering blue altar of Sif Muna.
 55481 | Depths:1 | Found a gateway to Hell.
 55523 | Depths:1 | Identified the +0 pair of gloves of the Stone Wall {rElec
                  | rCorr Dex+2}
 55765 | Depths:2 | Noticed Sojobo
 56655 | Depths:2 | Killed Sojobo
 56659 | Depths:2 | Identified the ring "Veschaf" {Ice Str+3}
 56659 | Depths:2 | Noticed Josephina
 56668 | Depths:2 | Killed Josephina
 56870 | Depths:2 | Found Ehaliqie's Fire Supplies.
 56924 | Depths:2 | Found a one-way gate leading to the halls of Pandemonium.
 57283 | Depths:2 | Found an ornate altar of the Wu Jian Council.
 57743 | Depths:3 | You are sucked into a shaft and drop 1 floor!
 57743 | Depths:4 | Entered Level 4 of the Depths
 57973 | Depths:4 | Found a runed translucent gate.
 57973 | Depths:4 | Found a runed translucent gate.
 57973 | Depths:4 | Found a runed translucent gate.
 57976 | Depths:4 | Noticed a dread lich
 57977 | Depths:4 | Noticed Shavain's ghost (veteran DrGl)
 58237 | Depths:4 | Noticed a golden dragon
 58252 | Depths:4 | Killed a golden dragon
 58304 | Depths:4 | Found a gate to the Realm of Zot.
 58436 | Depths:4 | Noticed a juggernaut
 58461 | Depths:4 | Killed a juggernaut
 58478 | Depths:4 | Noticed Parghit
 58670 | Depths:4 | Killed Parghit
 58969 | Depths:4 | Found Wiagg's Weapon Emporium.
 59011 | Depths:4 | Reached XP level 23. HP: 88/183 MP: 15/43
 59551 | Depths:3 | Found Winig's Antique Weapon Shop.
 59698 | Depths:3 | Found a one-way gateway to a ziggurat.
 60149 | Depths:3 | Noticed a juggernaut
 60169 | Depths:3 | Killed a juggernaut
 60600 | Depths:3 | Reached skill level 10 in Dodging
 60882 | Depths:3 | Found a hide-covered altar of Uskayaw.
 61718 | Slime:3  | Reached skill level 5 in Throwing
 61814 | Slime:5  | Entered Level 5 of the Pits of Slime
 61849 | Slime:5  | Learned a level 5 spell: Irradiate
 61894 | Slime:5  | Reached skill level 1 in Transmutations
 61963 | Slime:5  | Noticed the Royal Jelly
 61975 | Slime:5  | Killed the Royal Jelly
 62134 | Slime:5  | Reached skill level 5 in Transmutations
 62291 | Slime:5  | !cosplay
 62291 | Slime:5  | https://i.postimg.cc/ydYtghrt/Screenshot-from-2023-05-24-10
                  | -36-08.png
 62347 | Slime:5  | Got a slimy rune of Zot
 62352 | Slime:5  | Identified the +0 fire dragon scales of Kanese {rPois rF++
                  | rC- Will+ Slay+2}
 62373 | Slime:5  | Got Ezeleno's Tractate on the Red Anticline
 62392 | Slime:5  | Identified the +2 pair of gloves of Sophism {Rampage Int+3}
 62401 | Slime:5  | Acquired the ring of Fuisuong {rElec Int+6}
 62426 | Slime:5  | Identified the +8 flail of Absolution {heavy, Int+6 Stlth+}
 62843 | Vaults:5 | Entered Level 5 of the Vaults
 62852 | Vaults:5 | Reached XP level 24. HP: 139/191 MP: 11/43
 62862 | Vaults:5 | Reached skill level 22 in Necromancy
 62972 | Vaults:5 | Identified the +1 long sword of Qazlal's Grace {protect,
                  | Str+4 Int+4}
 63114 | Vaults:5 | Identified the staff of earth "Loedem" {*Slow rN+ Int+3}
 63152 | Vaults:5 | Identified the +3 great sword "Xeluger" {elec, Fragile rN+
                  | rCorr Stlth+}
 63185 | Vaults:5 | Noticed Mara
 63199 | Vaults:5 | Noticed Lavandula's illusion
 63203 | Vaults:5 | Killed Mara
 63392 | Vaults:5 | Identified the +1 hand axe of the Depths {spect, +Blink
                  | Will++ Dex-5}
 63575 | Vaults:5 | Identified the +3 great sword "Huossi" {spect, *Noise rC+
                  | rN++ Dex-4}
 63575 | Vaults:5 | Identified the +8 dagger of the Grave {venom, Dex+2}
 63622 | Vaults:5 | Noticed an ancient lich
 63635 | Vaults:5 | Killed an ancient lich
 63636 | Vaults:5 | Reached skill level 1 in Fire Magic
 63922 | Vaults:5 | Identified the staff of fire "Uru Virch" {rPois rF+ MP+9
                  | Str-5 Dex+4}
 64302 | Vaults:5 | Got a silver rune of Zot
 64665 | Vaults:5 | Noticed an ancient lich
 64682 | Vaults:5 | Killed an ancient lich
 64865 | Crypt:1  | Entered Level 1 of the Crypt
 64922 | Crypt:1  | Slain by a death knight

Illustrated notes

.<.............................J.
...............##....##..........
...............#####.#####.......
.............###?##.. ##......
............###($? .## [)###.....
...........###))(##..##))$##.....
...........##(|ZB[....[):)(###...
..........###$ZZZZZ....$|$! #....
......^....# #ZB@BZB..:.)!# #....
..........## ##ZZZZ......## #...
.............#ZZZBZBZ.....# ...
..........##...BZZZBZZ..... ..
..........#####BBZZZZZ...## ....
..........# ##??ZBZB.ZZ.$)# ##...
........... #((:B.ZZZZ.[/!: #....
..........# #(:[:/....$:$[$ #....
........... ##!/)##..##$)$###....


Turn 62291 on Slime:5: !cosplay

Levels and vault maps discovered:
D:1:      dpeg_arrival_round_b, layout_basic,
          shapermc_ecumenical_altar_mp_ritualfount, kennysheep_nondescript
D:2:      layout_rooms, serial_shops, nicolae_shop_bloodbath_and_beyond
D:3:      layout_loops_corners, elyvilon_altar_5, nicolae_overflow_squiral,
          bh_walls_and_bars, uniq_natasha
D:4:      layout_loops_ring, fiery_altar_vehumet, fedhas_altar_4,
          nrook_mini_vaults
D:5:      layout_basic, nicolae_ru_path_of_blood, mainiacjoe_overflow_brackets
D:6:      layout_gridville, uniq_duvessa, uniq_grinder, uniq_maggie
D:7:      layout_basic, mainiacjoe_overflow_tiny_flanked, lemuel_tele_altar,
          minmay_temple_entry_slanted, serial_undead, serial_undead_f,
          serial_undead_e, serial_undead_d, serial_undead_c, serial_park_tiny_2
D:8:      layout_basic, serial_shops, nicolae_shop_trees
D:9:      layout_loops_cross, led_xom_imps, lair_entry_dummy,
          minmay_orc_entry_temple_small
D:10:     layout_roguey, marbit_many_paths
D:11:     layout_roguey, nicolae_qazlal_scattered_showers
D:12:     layout_grid_maze, nrook_guardian_serpent_ordinary, uniq_rupert,
          uniq_frances
D:13:     layout_basic, david_vaults_2, portal_ice_cave_demonic_guard,
          ashenzari_altar_1
D:14:     layout_stronghold
D:15:     grunt_enter_depths_snipers, layout_layer_cave, gammafunk_ghost_hive,
          serial_park_square2, argonaut_gorgonesque
Temple:   nicolae_temple_bog_church
Lair:1:   layout_gridlike, worms_lemuel, uniq_gastronok, uniq_fannar,
          uniq_erica, uniq_amaemon
Lair:2:   layout_concentric_octagons, nicolae_volcano_entry_lava_flow, uniq_urug
Lair:3:   layout_regular_city, minmay_shoals_entry_centaurs,
          nicolae_snake_entry_squirm, ebering_ghost_disaster_area, basic_altar,
          nzn_sisyphean_effort, serial_bayou_shore_a
Lair:4:   layout_cave_pods, nicolae_slime_entry_field_trip, st_stairs_6,
          serial_bayou_pond_e, columned_hall_lemuel
Lair:5:   evilmike_catoblepas_cave, layout_long_grid, gauntlet_entry_generic,
          minivault_27
Shoals:1: layout_shoals, nicolae_shoals_this_corrosion
Shoals:2: layout_shoals, uniq_polyphemus
Shoals:3: cheibrodos_shoals_satyrical_garden, layout_shoals, st_cyclops
Shoals:4: shoals_end_hellmonk_storm_palace [storm_palace_center_circular,
          storm_palace_corner_pillars, storm_palace_corner_grid,
          storm_palace_corner_pillars, storm_palace_corner_reverse_hut]
Snake:1:  layout_chambers, serial_shops, nicolae_shop_advertising_works
          [nicolae_subvault_shop_adworks], nicolae_shop_window_shopping, shop,
          shop_fountains, nicolae_shop_rolled_up, gammafunk_ghost_arena,
          grunt_ministairs_13
Snake:2:  layout_rooms
Snake:3:  layout_rooms, serial_bayou_ford_a
Snake:4:  snake_pit_salamanders_mu, layout_cave_town, nicolae_snake_springs,
          uniq_asterion
Slime:1:  layout_caves
Slime:2:  layout_caves, nicolae_slime_rock_hall_of_fame
Slime:3:  layout_caves, special_room [special_room_jelly]
Slime:4:  layout_caves
Slime:5
Orc:1:    hellmonk_paralyzer, layout_caves, gammafunk_ghost_berserking_beasts,
          trog_butcher_becter
Orc:2:    st_orc_mages, layout_diamond_mine, uniq_sonja
Elf:1:    eino_elf_arrival_sip, layout_geoelf_grid, serial_shops,
          nicolae_shop_mannequins, hangedman_elven_crosses_minicolossus
Elf:2:    elven_hall_of_blades_hangedman_alternative
          [nicolae_blade_entry_floor_patterns], layout_gridlike,
          minmay_checkered_concentric_circles
Elf:3:    minmay_elf_hall_hex, layout_geoelf_octagon, serial_shops, shop
Vaults:1: nicolae_vaults_quartermaster, nicolae_vaults_spaceships,
          nicolae_vaults_network_s, v_misc_25, vaults_room_boxed,
          v_alt_pattern_2, ontoclasm_vaults_gateway, v_alt_pattern_6, v_misc_11,
          layout_vaults_ring, serial_shops, bzr_entry_safe, shop_statue,
          nicolae_shop_rolled_up, shop
Vaults:2: lightli_enter_wizlab_magi_temple, nicolae_vaults_surprise_closet,
          v_misc_3, minmay_crypt_entry_simple_sparse, ontoclasm_vaults_ligature,
          ontoclasm_vaults_chip, layout_vaults_omnigrid
Vaults:3: advil_vaults_ghost_lines, ontoclasm_vaults_shuriken,
          ontoclasm_vaults_pinch, nicolae_vaults_shelves_hall,
          nicolae_vaults_diamond_1, grunt_vaults_hallway_short,
          vaults_room_pool, nicolae_vaults_storage_closets_2,
          not_door_vault_due, v_rooms_5, v_misc_1, nicolae_vaults_house_1,
          v_alt_pattern_2, layout_vaults_omnicross, uniq_xtahua, uniq_boris
Vaults:4: nicolae_vaults_double_plus_2, nicolae_vaults_network_quinsquares
          [nicolae_vaults_network_quincunx_subvault,
          nicolae_vaults_network_quincunx_subvault,
          nicolae_vaults_network_quincunx_subvault,
          nicolae_vaults_network_quincunx_subvault],
          nicolae_vaults_ellipses_ellipsis, nicolae_vaults_inception_network,
          nicolae_vaults_network_square, nicolae_vaults_tangram_1,
          nicolae_vaults_sightless_eye, nicolae_vaults_closet_pinwheel_5,
          nicolae_vaults_house_3, hangedman_vaults_corner_blocks,
          hangedman_vaults_cutoff, nicolae_vaults_tetromino_T_2, v_misc_15,
          layout_vaults_omnibox, uniq_aizul, uniq_saint_roka, uniq_frederick,
          uniq_mennas
Vaults:5: uniq_mara
Crypt:1:  layout_misc_corridors, st_stairs_10, minmay_guarded_unrand_curses,
          grunt_crypt_arrival_webbed
Depths:1: layout_basic, abyss_entry, serial_bayou_pond_c,
          grunt_hell_entry_dis_grunt, kennysheep_cluttered_room, tgw_sif
Depths:2: grunt_bruiser_brothers, layout_gridlike, hell_entry,
          nzn_wu_jian_council_hall, rand_demon_pan_entry_7,
          nicolae_shop_fire_sale [nicolae_sub_dead_trees],
          infiniplex_staircase_trident, serial_bayou_shore_b, uniq_josephina,
          uniq_sojobo
Depths:3: cheibrodos_quadrivalence, layout_twisted_cross, enter_ziggurat_e,
          serial_shops, shop, nicolae_uskayaw_suspiria, abyss_entry, hell_entry,
          uniq_margery
Depths:4: evilmike_zot_entry_gauntlet, layout_long_grid, hellmouth_1,
          serial_shops, shop, marbit_kobold_abyss_entry,
          gammafunk_ghost_necromancy, lightli_minifort, uniq_parghit

Skill      XL: |  1  2  3  4  5  6  7  8  9 10 11 12 13 14 15 16 17 18 19 20 21 22 23 24 |
---------------+-------------------------------------------------------------------------+-----
Spellcasting   | 3 4 6 7 8 11 13 14 16 | 16.7
Conjurations   | 4 5 6 7 8 |  8.8
Hexes          | 1 4 12 15 19 | 19.3
Evocations     | 4 6 8 |  8.0
Armour         | 1 4 5 |  5.8
Fighting       | 2 5 6 9 15 17 | 17.4
Polearms       | 5 9 12 | 12.0
Necromancy     | 3 10 12 13 17 19 21 22 | 22.4
Earth Magic    | 5 |  5.0
Dodging        | 3 7 10 12 | 12.6
Stealth        | 7 9 |  9.8
Translocations | 3 |  3.0
Throwing       | 4 8 |  8.2
Transmutations | 5 |  5.1
Fire Magic     | 2 |  2.7

Action                     |  1- 3 |  4- 6 |  7- 9 | 10-12 | 13-15 | 16-18 | 19-21 | 22-24 || total
---------------------------+-------+-------+-------+-------+-------+-------+-------+-------++-------
  Melee: Short sword       |     2 |       |       |       |       |       |       |       ||     2
         Unarmed           |     2 |       |       |       |       |       |       |       ||     2
         Long sword        |       |       |     2 |       |       |       |       |       ||     2
         Lance             |       |       |    31 |   538 |  1215 |   804 |  1005 |   864 ||  4457
         Punch             |       |       |       |     6 |    12 |    13 |     7 |    15 ||    53
  Throw: Throwing net      |       |       |       |     1 |       |     1 |       |       ||     2
   Cast: Magic Dart        |   101 |    78 |    58 |       |     1 |       |       |       ||   238
         Searing Ray       |     6 |    14 |    56 |    31 |       |       |       |       ||   107
         Fulminant Prism   |       |       |     9 |    47 |    14 |     3 |       |       ||    73
         Dispel Undead     |       |       |       |     5 |     6 |       |     8 |     1 ||    20
         Anguish           |       |       |       |    13 |    11 |    12 |     1 |     1 ||    38
         Vampiric Draining |       |       |       |    27 |     8 |     6 |     4 |       ||    45
         Borgnjor's Vile C |       |       |       |     4 |   151 |   165 |   197 |   126 ||   643
         Animate Dead      |       |       |       |       |    10 |    15 |    21 |    15 ||    61
         Death Channel     |       |       |       |       |     5 |    26 |    40 |    32 ||   103
         Infestation       |       |       |       |       |       |     5 |    40 |    38 ||    83
         Enfeeble          |       |       |       |       |       |       |     3 |     1 ||     4
         Discord           |       |       |       |       |       |       |       |     7 ||     7
         Irradiate         |       |       |       |       |       |       |       |     3 ||     3
         Apportation       |       |       |       |       |       |       |       |     1 ||     1
 Invoke: Torment           |       |       |       |     1 |     1 |       |       |     3 ||     5
         Receive Forbidden |       |       |       |       |     1 |       |       |       ||     1
         Unearth Wretches  |       |       |       |       |     4 |    24 |    27 |    35 ||    90
  Evoke: Wand              |       |       |     2 |     3 |     3 |       |     1 |       ||     9
         Phial of floods   |       |       |       |       |     1 |       |       |       ||     1
         Condenser vane    |       |       |       |       |       |     2 |     3 |     2 ||     7
         Phantom mirror    |       |       |       |       |       |     1 |     1 |     1 ||     3
         Box of beasts     |       |       |       |       |       |       |     1 |     2 ||     3
    Use: Scroll            |       |     7 |     4 |    11 |     5 |     4 |     6 |     8 ||    45
   Stab: Distracted        |       |       |       |       |     2 |    19 |    23 |    21 ||    65
         Petrified         |       |       |       |       |     2 |       |       |       ||     2
         Sleeping          |       |       |       |       |     7 |    20 |    24 |     6 ||    57
         Paralysed         |       |       |       |       |     1 |    11 |    11 |     8 ||    31
         Betrayed ally     |       |       |       |       |     1 |       |       |       ||     1
         Invisible         |       |       |       |       |       |       |     1 |       ||     1
 Armour: Robe              |     2 |     7 |    24 |       |       |       |       |       ||    33
         Ring mail         |       |       |    39 |    73 |       |       |       |       ||   112
         Troll leather arm |       |       |       |   191 |   341 |   187 |   197 |   169 ||  1085
  Dodge: Dodged            |    12 |    13 |    70 |   265 |   530 |   343 |   329 |   266 ||  1828
Riposte: Lance             |       |       |       |       |    37 |    80 |    54 |    53 ||   224

Table legend: (Time is in decaauts)
 A = Elapsed time spent in this place.
 B = Non-inter-level travel time spent in this place.
 C = Inter-level travel time spent in this place.
 D = Time resting spent in this place.
 E = Time spent auto-exploring this place.
 F = Levels seen in this place.
 G = Mean time per level.
                   A        B        C        D        E       F      G
               +--------+--------+--------+--------+--------+-----+--------+
         Total |  62683 |  57919 |   4764 |   2488 |  42731 |  54 | 1160.8 |
       Dungeon |  17659 |  15476 |   2183 |    388 |  12561 |  15 | 1177.3 |
        Temple |    229 |    212 |     17 |      0 |    205 |   1 |  229.0 |
          Lair |   7308 |   6690 |    618 |    382 |   4879 |   5 | 1461.6 |
        Shoals |   5136 |   4836 |    300 |    267 |   3493 |   4 | 1284.0 |
     Snake Pit |   4712 |   4392 |    320 |    215 |   3119 |   4 | 1178.0 |
    Slime Pits |   1036 |    994 |     42 |    335 |      2 |   5 |  207.2 |
  Orcish Mines |   2577 |   2397 |    180 |     22 |   1850 |   2 | 1288.5 |
   Elven Halls |   4081 |   3896 |    185 |    158 |   2939 |   3 | 1360.3 |
        Vaults |  10743 |  10165 |    578 |    186 |   7574 |   5 | 2148.6 |
         Crypt |     41 |     41 |      0 |      0 |     15 |   1 |   41.0 |
        Depths |   6684 |   6348 |    336 |    253 |   4815 |   4 | 1671.0 |
        Bazaar |    246 |    246 |      0 |      0 |    152 |   1 |  246.0 |
      Ice Cave |    934 |    934 |      0 |      0 |    707 |   1 |  934.0 |
       Volcano |    403 |    403 |      0 |     84 |    201 |   1 |  403.0 |
        Wizlab |    457 |    457 |      0 |     42 |    217 |   1 |  457.0 |
      Gauntlet |    430 |    430 |      0 |    156 |      0 |   1 |  430.0 |
               +--------+--------+--------+--------+--------+-----+--------+

Top non-repeatable levels by time:
Vaults:3: 2892 daAuts
Vaults:4: 2723 daAuts
Vaults:1: 1888 daAuts
Depths:2: 1881 daAuts
Shoals:4: 1878 daAuts
    D:15: 1843 daAuts
Vaults:5: 1808 daAuts
  Lair:5: 1807 daAuts
Depths:1: 1706 daAuts
 Snake:1: 1703 daAuts
    D:12: 1702 daAuts
   Elf:1: 1690 daAuts
  Lair:1: 1634 daAuts
     D:6: 1621 daAuts
Depths:4: 1595 daAuts
